 Dungeon Crawl Stone Soup version 0.28.0-62-gf88900778d (webtiles) character file.

Game seed: 12112790855794929671

189 cbfl8 the Skirmisher (level 5, -7/42 HPs)
             Began as a Demonspawn Berserker on June 12, 2023.
             Was a Follower of Trog.
             Mangled by a worm (10 damage)
             ... on level 2 of the Dungeon.
             The game lasted 00:01:02 (1759 turns).

cbfl8 the Skirmisher (Demonspawn Berserker)         Turns: 1759, Time: 00:01:03

Health: -7/42      AC:  2    Str: 17    XL:     5   Next: 40%
Magic:  5/5        EV: 12    Int:  9    God:    Trog [*.....]
Gold:   44         SH:  0    Dex: 14    Spells: 4/4 levels left

rFire   . . .      SeeInvis .   a - +0 hand axe
rCold   . . .      Faith    .   (no shield)
rNeg    . . .      Spirit   .   b - +0 animal skin
rPois   .          Reflect  .   (no helmet)
rElec   .          Harm     .   (no cloak)
rCorr   .          Rampage  .   (no gloves)
Will    .....                   (no boots)
Stlth   ++........              (no amulet)
HPRegen 0.14/turn               (no ring)
MPRegen 0.09/turn               (no ring)

@: on berserk cooldown, slowed, very slow
A: sturdy frame 1, weakness stinger 1
a: Renounce Religion, Berserk


You were on level 2 of the Dungeon.
You worshipped Trog.
Trog was aware of your devotion.
You visited 1 branch of the dungeon, and saw 2 of its levels.

You collected 44 gold pieces.

Inventory:

Hand Weapons
 a - a +0 hand axe (weapon)
Armour
 b - a +0 animal skin (worn)
Jewellery
 g - a ring of flight
Scrolls
 c - a scroll of identify
 f - a scroll of blinking {unknown}
 h - a scroll of noise {unknown}
Potions
 d - a potion of curing
 e - a potion of lignification


   Skills:
 + Level 4.1 Fighting
 + Level 4.1 Axes
 + Level 2.0 Armour
 + Level 2.8 Dodging
 + Level 1.1 Stealth


You had 4 spell levels left.
You didn't know any spells.
Your spell library was empty.

Dungeon Overview and Level Annotations

Branches:
Dungeon (2/15)

Altars:

Shops:
D:1 *


Innate Abilities, Weirdness & Mutations

Your movements are slightly less encumbered by armour. (ER -2)
You have a small tail.


Message History

Trog accepts your kill.
Trog appreciates your killing of a magic user.
Reactivating autopickup.
You feel a bit more experienced.
You are no longer berserk.
You are exhausted.
You feel yourself slow down.
Your Fighting skill increases to level 4!
Your Axes skill increases to level 4!
Your Armour skill increases to level 2!
Your Stealth skill increases to level 1!
You have reached level 4!
You feel clever.
Your demonic ancestry asserts itself...
You feel less encumbered by your armour.
You have reached level 5!
The worm bites you!
* * * LOW HITPOINT WARNING * * *
Things that are here:
a +2 scythe of venom; a +0 robe Unknown command.
You barely miss the worm.
You tail-slap the worm, but do no damage.
You punch the worm.
The worm is moderately wounded.
The worm barely misses you.
Unknown command.
You hit the worm.
The worm is moderately wounded.
The worm barely misses you.
You hit the worm.
The worm is heavily wounded.
The worm barely misses you.
Unknown command.
You hit the worm but do no damage.
The worm is heavily wounded.
The worm bites you.
* * * LOW HITPOINT WARNING * * *
You hit the worm.
The worm is heavily wounded.
The worm bites you!
You die...

########################
......w@$...............
####################....
#.##. #.##. #.#.. #'...
##..# #.... ♣....


You could see a worm.

Vanquished Creatures
  Sigmund (D:2)
  A dart slug (D:1)
  3 ball pythons (D:1)
  A bat (D:1)
  4 endoplasms (D:1)
  A giant cockroach (D:1)
  4 goblins
  3 hobgoblins (D:1)
  2 quokkas
  5 frilled lizards (D:1)
  A kobold (D:2)
  2 rats (D:1)
28 creatures vanquished.

Vanquished Creatures (others)
  10 toadstools (D:2)
10 creatures vanquished.

Grand Total: 38 creatures vanquished

Notes
Turn   | Place    | Note
-------+----------+-------------------------------------------
     0 | D:1      | cbfl8 the Demonspawn Berserker began the quest for the Orb.
     0 | D:1      | Reached XP level 1. HP: 18/18 MP: 1/1
   475 | D:1      | Gained mutation: You have a small tail. [demonic ancestry]
   475 | D:1      | Reached XP level 2. HP: 14/24 MP: 2/2
  1190 | D:1      | Found Tiorgh's Assorted Antiques.
  1332 | D:1      | Reached XP level 3. HP: 28/29 MP: 3/3
  1740 | D:2      | Noticed Sigmund
  1753 | D:2      | Killed Sigmund
  1754 | D:2      | Reached skill level 1 in Stealth
  1754 | D:2      | Gained mutation: Your movements are slightly less
                  | encumbered by armour. (ER -2) [demonic ancestry]
  1754 | D:2      | Reached XP level 4. HP: 9/37 MP: 4/4
  1754 | D:2      | Reached XP level 5. HP: 10/42 MP: 5/5
  1759 | D:2      | Mangled by a worm

Illustrated notes

Levels and vault maps discovered:
D:1:      denvon_arrival_planthouse, layout_basic, serial_shops, shop,
          minmay_misc_feat_chi
D:2:      cheibrodos_fertilizer, layout_basic, uniq_robin,
          uniq_crazy_yiuf_cottage, uniq_sigmund

Skill      XL: |  1  2  3 |
---------------+----------+-----
Dodging        | 2 |  2.8
Axes           | 4 |  4.1
Fighting       | 4 |  4.1
Armour         | 2 |  2.0
Stealth        | 1 |  1.1

Action                   |  1- 3 |  4- 6 || total
-------------------------+-------+-------++-------
Melee: Hand axe          |    69 |     5 ||    74
       Tailslap          |     3 |     1 ||     4
       Punch             |     1 |     1 ||     2
Invok: Berserk           |     1 |       ||     1
  Use: Scroll            |     2 |       ||     2
 Stab: Sleeping          |     1 |       ||     1
Armor: Animal skin       |    14 |       ||    14
Dodge: Dodged            |    34 |     3 ||    37
